 Dungeon Crawl Stone Soup version 0.30.0-5-g1a98f26d00 (webtiles) character file.

Game seed: 5756419640362962481

35 monsoonserge the Trooper (level 3, 0/30 HPs)
             Began as a Human Cinder Acolyte on May 12, 2023.
             Was a High Priest of Ignis.
             Succumbed to an adder's poison
             ... on level 2 of the Dungeon.
             The game lasted 00:04:28 (1340 turns).

monsoonserge the Trooper (Human Cinder Acolyte)     Turns: 1340, Time: 00:04:29

Health: 0/30       AC:  4    Str: 15 (16) XL:     3   Next: 52%
Magic:  1/4        EV: 11    Int: 13 (14) God:    Ignis [*****.]
Gold:   97         SH:  0    Dex:  6 (8)  Spells: 2/4 levels left

rFire   + . .        m - +1 dagger (speed)
rCold   . . .        (no shield)
rNeg    . . .        b - +0 robe
rPois   .            (no helmet)
rElec   .            (no cloak)
rCorr   .            (no gloves)
SInv    .            (no boots)
Will    +....        (no amulet)
Stlth   +            (no ring)
HPRegen 0.25/turn    (no ring)
MPRegen 0.09/turn

%: no passive effects
@: brilliant, lethally poisoned (0 -> -2)
A: iridescent scales 1, low MP 1, strong-willed 1, inability to read after
injury 1
a: Renounce Religion, Fiery Armour, Foxfire Swarm, Rising Flame


You were on level 2 of the Dungeon.
You worshipped Ignis.
Ignis was extremely pleased with you.
You visited 1 branch of the dungeon, and saw 2 of its levels.

You collected 97 gold pieces.

Inventory:

Hand Weapons
 a - a -1 mace of flaming
 k - a +0 dagger
 l - a +0 short sword
 m - a +1 dagger of speed (weapon)
Missiles
 n - 6 poisoned darts (quivered)
 o - 3 javelins
Armour
 b - a +0 robe (worn)
 f - a +0 ring mail
Scrolls
 c - a scroll of fear
 d - a scroll of teleportation {unknown}
 e - 5 scrolls of identify {unknown}
 p - a scroll of butterflies {unknown}
Potions
 h - a potion of degeneration


   Skills:
 + Level 3.8 Fighting
 * Level 0.2 Short Blades
 - Level 3.1 Maces & Flails
 + Level 0.8 Armour
 * Level 0.4 Stealth
 * Level 1.0 Spellcasting
 * Level 0.2 Hexes
 - Level 3.0 Fire Magic


You had 2 spell levels left.
You knew the following spells:

 Your Spells              Type           Power      Damage    Failure   Level
a - Ensorcelled Hibernat  Hex/Ice        2%         N/A       38%         2

Your spell library contained the following spells:

 Spells                   Type           Power      Damage    Failure   Level
 Scorch                   Fire           24%        2d6       12%         2
 Passwall                 Tmut/Erth      0%         N/A       38%         2
 Swiftness                Air            0%         N/A       63%         3


Dungeon Overview and Level Annotations

Branches:
Dungeon (2/15)

Altars:


Innate Abilities, Weirdness & Mutations

You are partially covered in iridescent scales. (AC +2)
Your magical capacity is low. (-10% MP)
You are strong-willed. (Will+)
You occasionally lose the ability to read scrolls when taking damage.


Message History

It was a potion of degeneration.
There was something very wrong with that liquid.
You feel weakened.
You feel dopey.
You feel clumsy.
You feel very sick. The adder bites you but does no damage.
A rat comes into view.
The hobgoblin closely misses you. The adder bites you.
It was a potion of cancellation.
You feel magically purged.
Your magical contamination has completely faded away.
You feel sick. The hobgoblin barely misses you.
The adder bites you but does no damage.
It was a potion of brilliance.
You feel clever all of a sudden.
You feel sick. The hobgoblin hits you. The adder bites you.
* * * LOW HITPOINT WARNING * * *
You are lethally poisoned!
The adder poisons you!
It was a potion of mutation.
You feel extremely strange.
You feel strong-willed.
You feel less energetic.
You occasionally lose the ability to read scrolls when taking damage.
Iridescent scales grow over part of your body.
* * * LOW HITPOINT WARNING * * *
You feel sick. The adder bites you but does no damage.
The hobgoblin barely misses you.
As you read the scroll labelled WAOMIO ZASTO, it crumbles to dust.
You assume a fearsome visage.
The adder looks frightened!
The hobgoblin looks frightened!
The rat looks frightened!
It was a scroll of fear.
* * * LOW HITPOINT WARNING * * *
You feel sick.
* * * LOW HITPOINT WARNING * * *
You feel sick.
* * * LOW HITPOINT WARNING * * *
You feel sick.
* * * LOW HITPOINT WARNING * * *
You feel sick.
* * * LOW HITPOINT WARNING * * *
You feel sick.
* * * LOW HITPOINT WARNING * * *
You feel sick.
You die...

#......# ..#.. #......# ..##.
# ..####.# ..##r#####.#
...###.# #..S....g#.####
....##.# #.##...........
....##.#### #.# #...g......
....#.....# #.# #...?.....
....#.....#####.####.........
....#......†....@....########
....#.....#..........#
....#.....#..........#
....################## ....#
....# ...## ..## ###


There were no monsters in sight!

Vanquished Creatures
  A gnoll (D:1)
  A worm (D:1)
  A dart slug (D:2)
  A ball python (D:1)
  4 bats
  An endoplasm (D:1)
  A giant cockroach (D:1)
  A goblin (D:1)
  5 hobgoblins
  A kobold (D:2)
  A frilled lizard (D:2)
18 creatures vanquished.

Notes
Turn   | Place    | Note
-------+----------+-------------------------------------------
     0 | D:1      | monsoonserge the Human Cinder Acolyte began the quest for
                  | the Orb.
     0 | D:1      | Reached XP level 1. HP: 18/18 MP: 2/2
   788 | D:1      | Reached XP level 2. HP: 24/24 MP: 3/3
   941 | D:1      | Reached XP level 3. HP: 18/30 MP: 4/4
  1104 | D:2      | Learned a level 2 spell: Ensorcelled Hibernation
  1333 | D:2      | Gained mutation: You are strong-willed. (Will+) [potion of
                  | mutation]
  1333 | D:2      | Gained mutation: Your magical capacity is low. (-10% MP)
                  | [potion of mutation]
  1333 | D:2      | Gained mutation: You occasionally lose the ability to read
                  | scrolls when taking damage. [potion of mutation]
  1333 | D:2      | Gained mutation: You are partially covered in iridescent
                  | scales. (AC +2) [potion of mutation]
  1338 | D:2      | HP: 1/30 [poisoned by an adder]
  1340 | D:2      | Succumbed to an adder's poison

Illustrated notes

Levels and vault maps discovered:
D:1:      wander_arrival_desolate, layout_loops_corners
D:2:      layout_rooms, minmay_parallelograms, minmay_small_reverse_x

Action                     || total
---------------------------++-------
  Melee: Mace              ||    42
         Dagger            ||    27
   Cast: Ensorcelled Hiber ||     4
    Use: Potion            ||     4
         Scroll            ||     1
   Stab: Sleeping          ||     3
 Armour: Robe              ||    16
         Ring mail         ||     9
  Dodge: Dodged            ||    54
